 Dungeon Crawl Stone Soup version 0.30-a0-760-g5a9884bb7c (webtiles) character file.

Game seed: 10325452734777627896

11358 funkygono the Thaumaturge (level 11, -9/57 HPs)
             Began as a Gargoyle Fire Elementalist on Feb 10, 2023.
             Was an Elder of Vehumet.
             Mangled by a large abomination (15 damage)
             ... on level 9 of the Dungeon.
             The game lasted 00:17:12 (9600 turns).

funkygono the Thaumaturge (GrFE)                    Turns: 9600, Time: 00:17:12

Health: -9/57      AC: 22    Str: 13    XL:     11   Next: 76%
Magic:  43/43      EV: 12    Int: 20    God:    Vehumet [****..]
Gold:   94         SH:  5    Dex: 10    Spells: 20/31 levels left

rFire   . . .      SeeInvis .    f - +1 eveningstar of the Hurting Traitor {heavy, *Corrode rElec rPois MP+9 Str-3}
rCold   . . .      Faith    .    (no shield)
rNeg    + . .      Spirit   .    r - +5 leather armour "Pubaoraf" {MP+9 Str+4 Stlth+}
rPois   ∞          Reflect  +    n - +2 helmet
rElec   +          Harm     .    I - scarf {repulsion}
rCorr   .          Rampage  .    (no gloves)
Will    .....                    s - +2 pair of boots {Stlth+}
Stlth   ++++                     u - amulet of reflection
HPRegen 0.29/turn                D - +4 ring of slaying
MPRegen 0.28/turn                (no ring)

@: repel missiles
A: sickness immunity, AC +8, negative energy resistance 1, electricity
resistance, torment resistance 1, petrification resistance
a: Renounce Religion


You were on level 9 of the Dungeon.
You worshipped Vehumet.
Vehumet was greatly pleased with you.
You visited 2 branches of the dungeon, and saw 10 of its levels.

You collected 405 gold pieces.
You spent 311 gold pieces at shops.

Inventory:

Hand Weapons
 f - the +1 eveningstar of the Hurting Traitor (weapon) {heavy, *Corrode rElec rPois MP+9 Str-3}
   (You acquired it on level 6 of the Dungeon)

   Str:       It affects your strength (-3).
   rElec:     It insulates you from electricity.
   rPois:     It protects you from poison.
   MP:        It affects your magic capacity (+9).
   *Corrode:  It may corrode you when you take damage.
 h - a +0 whip
 i - a +4 mace
 y - a +0 demon whip of venom
 C - a +2 morningstar of draining
 F - a +3 flail of protection
 K - a +2 whip of flaming
 L - a +3 mace of protection
Armour
 a - an orb of guile
 c - a +1 helmet
 n - a +2 helmet (worn)
 r - the +5 leather armour "Pubaoraf" (worn) {MP+9 Str+4 Stlth+}
   (You found it on level 3 of the Dungeon)

   Str:       It affects your strength (+4).
   MP:        It affects your magic capacity (+9).
   Stlth:     It makes you more stealthy.
 s - a +2 pair of boots of stealth (worn)
 I - a scarf of repulsion (worn)
Jewellery
 u - an amulet of reflection (around neck)
 A - a ring of ice
 D - a +4 ring of slaying (left hand)
 H - a ring of resist corrosion
Wands
 l - a wand of polymorph (5)
 z - a wand of light (13)
Scrolls
 j - 5 scrolls of teleportation
 p - 5 scrolls of blinking
 q - a scroll of fear
 x - a scroll of identify
 J - a scroll of fog
Potions
 d - 4 potions of mutation
 e - 7 potions of heal wounds
 g - a potion of flight
 k - a potion of cancellation
 m - 2 potions of degeneration {unknown}
 o - 3 potions of curing
 t - 2 potions of might
 v - a potion of berserk rage {unknown}
 B - 6 potions of lignification
 E - 4 potions of haste
 G - 2 potions of attraction
Miscellaneous
 w - a piece from Xom's chessboard (15/15)


   Skills:
 + Level 2.2 Fighting
 + Level 0.8 Maces & Flails
 + Level 3.1 Armour
 + Level 3.9 Dodging
 - Level 2.1 Stealth
 + Level 2.5 Shields
 + Level 10.7 Spellcasting
 + Level 9.1 Conjurations
 + Level 10.4 Fire Magic


You had 20 spell levels left.
You knew the following spells:

 Your Spells              Type           Power      Damage    Failure   Level
a - Foxfire               Conj/Fire      100%       2x1d9     1%          1
b - Scorch                Fire           100%       2d10      1%          2
c - Kindle Blastsparks    Fire/Tloc/Air  48%        2d14      1%          3
d - Flame Wave            Conj/Fire      49%        2d12      1%          4
e - Sandblast             Erth           20%        2d7       2%          1

Your spell library contained the following spells:

 Spells                   Type           Power      Damage    Failure   Level
 Arcjolt                  Conj/Air       14%        1d24      10%         5
 Hailstorm                Conj/Ice       29%        3d8       1%          3
 Ignite Poison            Fire/Tmut/Pois 24%        N/A       1%          3
 Inner Flame              Hex/Fire       31%        N/A       1%          3
 Freeze                   Ice            40%        1d6       2%          1
 Frozen Ramparts          Ice            20%        1d4       7%          3
 Wereblood                Tmut           10%        N/A       12%         2
 Freezing Cloud           Conj/Ice/Air   11%        6-21      17%         5
 Summon Guardian Golem    Hex/Summ       10%        N/A       24%         3
 Orb of Destruction       Conj           23%        9d8       36%         7
 Ice Form                 Ice/Tmut       10%        N/A       63%         4
 Spellforged Servitor     Conj/Summ      14%        N/A       92%         7
 Simulacrum               Ice/Necr       5%         N/A       100%        6
 Summon Hydra             Summ           5%         N/A       100%        7
 Sublimation of Blood     Necr           Unusable   N/A       N/A         2

Dungeon Overview and Level Annotations

Branches:
Dungeon (9/15)             Temple (1/1) D:6
   Lair: D:8-11         Orc: D:9-12

Altars:
Ashenzari
Cheibriados
Dithmenos
Elyvilon
Fedhas
Gozag
Hepliaklqana
Kikubaaqudgha
Makhleb
Nemelex Xobeh
Okawaru
Qazlal
Ru
Sif Muna
Trog
Uskayaw
Vehumet
Wu Jian
Xom
Yredelemnul
Zin
The Shining One

Shops:
D:8 [*![

Portals:
Abyss: D:4

Annotations:
D:4 2 transporters, Reshi88's ghost, amateur SpBr


Innate Abilities, Weirdness & Mutations

You are immune to sickness and miasma.
Your stone body is resilient. (AC +8)
You are immune to poison.
You resist negative energy. (rN+)
You are resistant to electric shocks. (rElec)
You are resistant to unholy torment.
You are immune to petrification.


Message History

A wave of flame ripples out!
The flame wave engulfs the large abomination!!
The large abomination is heavily damaged. (Press . to intensify the flame waves.)
The foxfire hits the large abomination.
The large abomination is heavily damaged.
You block the large abomination's attack.
A wave of flame ripples out!
The flame wave engulfs the large abomination.
The large abomination is heavily damaged.
A large abomination comes into view.
The large abomination hits you!!
A wave of flame ripples out!
The flame wave engulfs the large abomination!
The large abomination is severely damaged.
The flame wave engulfs the large abomination.
You destroy the large abomination!
Vehumet accepts your kill.
You feel your power returning. The large abomination hits you.
Casting: Flame Wave (safe; 1% risk of failure)
Confirm with . or Enter, or press ? or * to list all spells.
Restarting spell: Flame Wave (safe; 1% risk of failure)
Press: ? - help, Dir - look around, f - activate A wave of flame ripples out!
The flame wave engulfs the large abomination!
The large abomination is almost destroyed. (Press . to intensify the flame waves.)
The large abomination hits you.
A wave of flame ripples out!
The flame wave engulfs the large abomination.
The large abomination is almost destroyed.
The large abomination hits you!!
* * * LOW HITPOINT WARNING * * *
A wave of flame ripples out!
The flame wave engulfs the large abomination.
The large abomination is almost destroyed.
The large abomination hits you.
* * * LOW HITPOINT WARNING * * *
Magic courses through your body. The large abomination hits you!
You die...

######### ##########.......#
#...#....#######.#
#...X....# #.# #@...# #.#
#....# #.# ####
#....#######.# #..#
#....')...)#.# #..#
#....##..#.#.# #..#
#....###.#.#.##### ##.#
######..)........#
#####.#####......###...###.#
#................# #....##.#


You could see a large abomination.

Vanquished Creatures
  A centaur warrior (D:9)
  A two-headed ogre (D:9)
  Amaemon (D:8)
  4 large abominations (D:9)
  Pikel (D:6)
  A wizard (D:9)
  An orange demon (D:8)
  Psyche (D:8)
  A hornet (D:8)
  A wyvern (D:9)
  A vampire (D:6)
  9 yaks
  Eustachio (D:6)
  Grum (D:8)
  Menkaure (D:5)
  A water moccasin (D:9)
  An acid dragon (D:9)
  7 small abominations (D:9)
  A sky beast (D:7)
  An orc warrior (D:6)
  2 ice beasts
  2 black bears
  2 ogres (D:5)
  4 wolves (D:8)
  4 lemures
  5 centaurs
  2 phantoms
  5 bullfrogs
  2 kobold brigands
  A gnoll sergeant (D:8)
  2 scorpions
  8 wights
  7 killer bees
  4 howler monkeys
  A gnoll bouda (D:5)
  6 hounds
  6 orc priests
  A jelly (D:6)
  4 iguanas
  4 orc wizards
  16 gnolls
  4 adders
  A shadow imp (D:5)
  A white imp (D:6)
  A howler monkey simulacrum (D:9)
  A dart slug (D:3)
  23 orcs
  9 ball pythons
  9 endoplasms
  2 giant cockroaches
  6 goblins
  6 hobgoblins
  4 jackals (D:2)
  17 kobolds
  A quokka (D:2)
  4 bats (D:2)
  3 rats
  2 butterflies (D:3)
219 creatures vanquished.

Vanquished Creatures (others)
  A kobold (D:4)
  8 demonic plants (D:1)
  906 foxfires
  3 plants (D:1)
  3 withered plants (D:1)
921 creatures vanquished.

Grand Total: 1140 creatures vanquished

Notes
Turn   | Place    | Note
-------+----------+-------------------------------------------
     0 | D:1      | funkygono the Gargoyle Fire Elementalist began the quest
                  | for the Orb.
     0 | D:1      | Reached XP level 1. HP: 10/10 MP: 3/3
   523 | D:1      | Reached XP level 2. HP: 15/15 MP: 0/5
   581 | D:1      | Learned a level 2 spell: Scorch
   715 | D:1      | Found a faded altar of an unknown god.
  1330 | D:2      | Found a white marble altar of Elyvilon.
  1691 | D:2      | Reached XP level 3. HP: 19/19 MP: 3/6
  2143 | D:2      | Reached XP level 4. HP: 24/24 MP: 1/8
  2776 | D:3      | Noticed a phantom
  2783 | D:3      | Killed a phantom
  2784 | D:3      | Reached XP level 5. HP: 28/28 MP: 1/9
  2788 | D:3      | Learned a level 3 spell: Kindle Blastsparks
  2856 | D:3      | Learned a level 4 spell: Flame Wave
  2859 | D:3      | Identified the +5 leather armour "Pubaoraf" {MP+9 Str+4
                  | Stlth+}
  3082 | D:3      | Found a radiant altar of Vehumet.
  3084 | D:3      | Found a broken altar of Ashenzari.
  3088 | D:3      | Became a worshipper of Vehumet
  3281 | D:3      | Found a shimmering altar of Xom.
  3415 | D:4      | Reached XP level 6. HP: 32/32 MP: 11/11
  3587 | D:4      | Found a hazy altar of Hepliaklqana.
  3616 | D:4      | Found a blossoming altar of Fedhas.
  3625 | D:4      | Found a transporter.
  3628 | D:4      | Noticed a toenail golem
  3639 | D:4      | Found a transporter.
  3639 | D:4      | Noticed Reshi88's ghost (amateur SpBr)
  3640 | D:4      | Found a one-way gate to the infinite horrors of the Abyss.
  4280 | D:5      | Entered Level 5 of the Dungeon
  4283 | D:5      | Noticed a black bear
  4475 | D:5      | Reached * piety under Vehumet
  4475 | D:5      | Offered knowledge of Freeze by Vehumet.
  4518 | D:5      | Reached XP level 7. HP: 31/36 MP: 13/13
  4626 | D:5      | Reached skill level 1 in Armour
  4626 | D:5      | Reached skill level 5 in Fire Magic
  4731 | D:5      | Reached XP level 8. HP: 40/41 MP: 5/15
  4734 | D:5      | Reached skill level 5 in Spellcasting
  4982 | D:5      | Noticed Menkaure
  4987 | D:5      | Killed Menkaure
  4988 | D:5      | Reached skill level 5 in Conjurations
  5398 | D:6      | Noticed Eustachio
  5418 | D:6      | Killed Eustachio
  5603 | D:6      | Noticed Pikel
  5713 | D:6      | HP: 2/41 [Pikel/+2 whip of flaming (4)]
  5717 | D:6      | Killed Pikel
  5718 | D:6      | Reached XP level 9. HP: 13/46 MP: 9/19
  5878 | D:6      | Found a staircase to the Ecumenical Temple.
  5912 | D:6      | Offered knowledge of Sandblast by Vehumet.
  5915 | D:6      | Learned a level 1 spell: Sandblast
  5952 | D:6      | Reached ** piety under Vehumet
  6007 | D:6      | Reached skill level 1 in Fighting
  6042 | Temple   | Entered the Ecumenical Temple
  6128 | D:6      | Found a bloodstained altar of Trog.
  6297 | D:6      | Reached skill level 1 in Shields
  6870 | D:6      | Identified a scroll of acquirement
  6870 | D:6      | Acquired the +1 eveningstar of the Hurting Traitor {heavy,
                  | *Corrode rElec rPois MP+9 Str-3}
  6995 | D:7      | Reached XP level 10. HP: 53/53 MP: 21/21
  7078 | D:7      | Found a sparkling altar of Nemelex Xobeh.
  7844 | D:8      | Offered knowledge of Stone Arrow by Vehumet.
  7983 | D:8      | Noticed Grum
  7996 | D:8      | Killed Grum
  7996 | D:8      | Reached *** piety under Vehumet
  8146 | D:8      | Found Soumu's Distillery.
  8153 | D:8      | Bought a potion of heal wounds for 75 gold pieces
  8219 | D:8      | Found Ziefaima's Armour Shop.
  8227 | D:8      | Bought a +2 pair of boots of stealth for 236 gold pieces
  8497 | D:8      | Found Giariqi's Assorted Antiques.
  8532 | D:8      | Found Atho Biel's Armour Emporium.
  8532 | D:8      | Noticed Amaemon
  8537 | D:8      | Noticed an orange demon
  8544 | D:8      | Killed Amaemon
  8550 | D:8      | Killed an orange demon
  8550 | D:8      | Offered knowledge of Dazzling Flash by Vehumet.
  8725 | D:8      | Noticed Psyche
  8730 | D:8      | Killed Psyche
  8731 | D:8      | Reached XP level 11. HP: 57/57 MP: 24/24
  9358 | D:9      | Noticed a centaur warrior
  9369 | D:9      | Killed a centaur warrior
  9370 | D:9      | Reached skill level 10 in Spellcasting
  9466 | D:9      | Noticed a two-headed ogre
  9474 | D:9      | Killed a two-headed ogre
  9528 | D:9      | Noticed a wizard
  9539 | D:9      | Killed a wizard
  9539 | D:9      | Reached **** piety under Vehumet
  9540 | D:9      | Reached skill level 10 in Fire Magic
  9579 | D:9      | Noticed a large abomination
  9585 | D:9      | Killed a large abomination
  9590 | D:9      | Offered knowledge of Arcjolt by Vehumet.
  9594 | D:9      | Noticed a large abomination
  9600 | D:9      | Mangled by a large abomination

Illustrated notes

Levels and vault maps discovered:
D:1:      ebering_trefoil_3fold, layout_basic, shapermc_ecumenical_altar_gd,
          hangedman_decor_points
D:2:      layout_loops_ring, basic_altar
D:3:      layout_basic, grunt_temple_overflow_open, xom_butterflies
D:4:      layout_gridville, lemuel_coloured_pillars_altar, kennysheep_mini_moat,
          gammafunk_ghost_abyssal_escape
D:5:      layout_cave_pools, minivault_1, uniq_menkaure
D:6:      minmay_clustersquares, layout_cave_pools, amcnicky_altar_gilded,
          minmay_temple_entry_junction_2, st_stairs_12, serial_park_tiny_1,
          grunt_decor_cap, uniq_pikel, uniq_eustachio
D:7:      layout_gridville, mainiacjoe_overflow_concentric_impassable,
          serial_rivers, chequers_serial_rivers_micro_b,
          chequers_serial_rivers_micro_d, chequers_serial_rivers_micro_b,
          chequers_serial_rivers_small_a, chequers_serial_rivers_micro_d
D:8:      wander_river, layout_gridville, serial_shops,
          nicolae_shop_hallway_stairs, shop, shop,
          nicolae_shop_advertising_works [nicolae_subvault_shop_adworks],
          uniq_amaemon, uniq_psyche, uniq_grum
D:9:      minmay_opposing_rooms, layout_loops_ring, laboratory
Temple:   eino_wide_crystal_templ

Skill      XL: |  1  2  3  4  5  6  7  8  9 10 11 |
---------------+----------------------------------+-----
Fire Magic     | 4 5 7 8 9 10 | 10.4
Conjurations   | 2 3 4 6 7 8 9 |  9.1
Spellcasting   | 3 4 6 7 9 10 | 10.7
Dodging        | 2 3 |  3.9
Armour         | 1 2 3 |  3.1
Fighting       | 1 2 |  2.2
Shields        | 1 2 |  2.5
Maces & Flails | |  0.8
Stealth        | |  2.1

Action                     |  1- 3 |  4- 6 |  7- 9 | 10-12 || total
---------------------------+-------+-------+-------+-------++-------
  Melee: Whip              |    24 |     4 |       |       ||    28
         Morningstar       |       |     1 |       |       ||     1
         Punch             |       |     1 |       |       ||     1
         Mace              |       |       |     7 |       ||     7
         Eveningstar       |       |       |       |     4 ||     4
   Cast: Foxfire           |    74 |   111 |   167 |   167 ||   519
         Scorch            |     1 |    10 |    41 |    33 ||    85
         Flame Wave        |       |       |     5 |    16 ||    21
    Use: Potion            |       |       |     1 |     1 ||     2
         Scroll            |       |       |    14 |     4 ||    18
 Armour: Robe              |     8 |       |       |       ||     8
         Leather armour    |       |    13 |    31 |    50 ||    94
  Dodge: Dodged            |    12 |    19 |    38 |    54 ||   123
         Repelled          |       |       |       |     2 ||     2
  Block: Other             |       |    10 |    17 |    17 ||    44
         Reflection        |       |     1 |       |     2 ||     3

Table legend: (Time is in decaauts)
 A = Elapsed time spent in this place.
 B = Non-inter-level travel time spent in this place.
 C = Inter-level travel time spent in this place.
 D = Time resting spent in this place.
 E = Time spent auto-exploring this place.
 F = Levels seen in this place.
 G = Mean time per level.
                   A        B        C        D        E       F      G
               +--------+--------+--------+--------+--------+-----+--------+
         Total |   9613 |   9312 |    301 |   1027 |   6765 |  10 |  961.3 |
       Dungeon |   9560 |   9267 |    293 |   1027 |   6733 |   9 | 1062.2 |
        Temple |     52 |     44 |      8 |      0 |     32 |   1 |   52.0 |
               +--------+--------+--------+--------+--------+-----+--------+

Top non-repeatable levels by time:
     D:6: 1409 daAuts
     D:2: 1262 daAuts
     D:1: 1244 daAuts
     D:4: 1121 daAuts
     D:8: 1069 daAuts
     D:5: 941 daAuts
     D:3: 905 daAuts
     D:7: 862 daAuts
     D:9: 743 daAuts
  Temple: 52 daAuts
